 Dungeon Crawl Stone Soup version 0.25-a0-1126-g5fd7b56c60 (webtiles) character file.

Game seed: 11347873162924516809, levelgen mode: deterministic

19446 Majang the Cleaver (level 12, -8/110 HPs)
             Began as a Deep Dwarf Fighter on May 19, 2020.
             Was an Elder of Makhleb.
             Mangled by Rupert
             ... wielding a +3 great sword of draining
              (32 damage)
             ... on level 5 of the Lair of Beasts.
             The game lasted 01:04:17 (10755 turns).

Majang the Cleaver (Deep Dwarf Fighter)            Turns: 10755, Time: 01:04:17

Health: -8/110     AC: 18    Str: 32    XL:     12   Next: 36%
Magic:  11/11      EV: 16    Int: 10    God:    Makhleb [****..]
Gold:   694        SH:  0    Dex: 16    Spells: 11/11 levels left

rFire    . . .     SeeInvis .   a - +7 battleaxe (freeze)
rCold    + + .     Gourm    .   (shield currently unavailable)
rNeg     . . .     Faith    .   v - +3 chain mail {rPois}
rPois    +         Spirit   .   p - +2 helmet of the Dice {rC++ MR+ Str+2}
rElec    .         Reflect  .   u - scarf {repulsion}
rCorr    .         Harm     .   B - +0 pair of gloves
MR       ++...                  C - +0 pair of boots
Stlth    ..........             M - amulet "Sasmih" {RegenMP +Inv +Fly Dex+4}
HPRegen  0.00/turn              x - +6 ring of strength
MPRegen  0.37/turn              O - +4 ring of evasion

@: non-regenerating, heavily drained, repel missiles
A: damage resistance, heal wounds, sense surroundings 2, no regeneration
a: Heal Wounds, Minor Destruction, Lesser Servant of Makhleb, Major Destruction,
Renounce Religion, Evoke Invisibility, Evoke Flight


You were on level 5 of the Lair of Beasts.
You worshipped Makhleb.
Makhleb was greatly pleased with you.
You were hungry.

You visited 3 branches of the dungeon, and saw 15 of its levels.

You collected 694 gold pieces.

Inventory:

Hand Weapons
 a - a +7 battleaxe of freezing (weapon)
 b - a +0 hunting sling
 o - a +0 flail
 A - the cursed +0 mace of Tumult {holy, rN+ Dex+4}
   (You found it on level 6 of the Dungeon)

   It has been blessed by the Shining One to cause great damage to the undead
   and demons.
   It affects your dexterity (+4).
   It protects you from negative energy.
   It has a curse placed upon it.
 V - a +0 broad axe
Missiles
 d - 16 bolts
 q - 87 sling bullets
Armour
 c - a +0 kite shield
 p - the +2 helmet of the Dice (worn) {rC++ MR+ Str+2}
   (You found it on level 4 of the Lair of Beasts)

   It affects your strength (+2).
   It greatly protects you from cold.
   It affects your resistance to hostile enchantments.
 u - a scarf of repulsion (worn)
 v - a +3 chain mail of poison resistance (worn)
 y - a +0 cloak
 B - a +0 pair of gloves (worn)
 C - a +0 pair of boots (worn)
 L - a +0 plate armour
Jewellery
 g - a +4 ring of protection
 x - a +6 ring of strength (left hand)
 F - an uncursed ring of stealth
 M - the amulet "Sasmih" (around neck) {RegenMP +Inv +Fly Dex+4}
   (You found it on level 8 of the Dungeon)

   [amulet of magic regeneration]

   It increases your magic regeneration.
   It affects your dexterity (+4).
   It lets you turn invisible.
   It lets you fly.
 O - a +4 ring of evasion (right hand)
 R - the ring "Yfatuucw" {Wiz Str+2}
   (You found it on level 1 of the Lair of Beasts)

   [ring of wizardry]

   It improves your spell success rate.
   It affects your strength (+2).
Wands
 j - a wand of polymorph (7)
 E - a wand of digging (9)
 H - a wand of acid (2)
 I - a wand of iceblast (5)
 J - a wand of random effects (30)
 W - a wand of disintegration (13)
Scrolls
 e - 3 scrolls of identify
 l - 9 scrolls of teleportation
 n - 8 scrolls of remove curse
 D - 4 scrolls of magic mapping
 K - 2 scrolls of enchant armour
 Q - a scroll of fear
 T - 3 scrolls of blinking
Potions
 h - 4 potions of flight
 k - 5 potions of mutation
 m - a potion of haste
 r - 2 potions of cancellation {unknown}
 s - 2 potions of ambrosia
 t - 2 potions of lignification {unknown}
 w - 3 potions of heal wounds
 z - a potion of invisibility {unknown}
 G - 3 potions of curing
Miscellaneous
 S - a lightning rod (1/4)
Comestibles
 f - 31 rations


   Skills:
 + Level 7.8(5.0) Fighting
 * Level 12.3(9.2) Axes
 - Level 6.5(3.9) Slings
 + Level 8.5(5.7) Armour
 + Level 7.7(4.9) Dodging
 + Level 8.4(5.6) Shields
 + Level 6.6(3.9) Invocations
 + Level 6.4(3.7) Evocations


You had 11 spell levels left.
You didn't know any spells.
Your spell library contained the following spells:

 Spells                   Type           Power        Failure   Level  Hunger
 Beastly Appendage        Tmut           #.....       85%         1    ##.....
 Foxfire                  Conj/Fire      #...         85%         1    ##.....
 Summon Small Mammal      Summ           #...         85%         1    ##.....
 Call Imp                 Summ           #.......     94%         2    ###....
 Poisonous Vapours        Pois/Air       #.....       94%         2    ###....
 Sticks to Snakes         Tmut           #.......     94%         2    ###....
 Call Canine Familiar     Summ           #.......     99%         3    ####...
 Conjure Flame            Conj/Fire      #.......     99%         3    ####...
 Inner Flame              Hex/Fire       #.......     99%         3    ####...
 Mephitic Cloud           Conj/Pois/Air  #.......     99%         3    ####...
 Recall                   Summ/Tloc      N/A          99%         3    ####...
 Spider Form              Tmut/Pois      #.........   99%         3    ####...
 Summon Guardian Golem    Hex/Summ       #.......     99%         3    ####...
 Ice Form                 Ice/Tmut       #.......     100%        4    #####..
 Summon Ice Beast         Ice/Summ       #.......     100%        4    #####..
 Summon Lightning Spire   Summ/Air       #.......     100%        4    #####..
 Aura of Abjuration       Summ           #.........   100%        5    ######.
 Blade Hands              Tmut           #.........   100%        5    ######.
 Summon Demon             Summ           #.........   100%        5    ######.
 Summon Forest            Summ/Tloc      #.........   100%        5    ######.
 Summon Mana Viper        Hex/Summ       #.......     100%        5    ######.
 Freezing Cloud           Conj/Ice/Air   #.........   100%        6    #######
 Shadow Creatures         Summ           N/A          100%        6    #######
 Ring of Flames           Chrm/Fire      #.........   100%        7    #######
 Discord                  Hex            #.........   100%        8    #######


Dungeon Overview and Level Annotations

Branches:
Dungeon (9/15)             Temple (1/1) D:5            Lair (5/6) D:9
 Shoals (0/4) Lair:3        Snake (0/4) Lair:2          Orc (0/2) D:9
  Slime: Lair:5-6

Altars:
Ashenzari
Cheibriados
Dithmenos
Elyvilon
Fedhas
Gozag
Hepliaklqana
Kikubaaqudgha
Makhleb
Nemelex Xobeh
Okawaru
Qazlal
Ru
Sif Muna
Trog
Uskayaw
Vehumet
Wu Jian
Xom
Yredelemnul
Zin
The Shining One

Shops:
D:4 !

Annotations:
Lair:1 exclusion: oklob plant
Lair:5 Rupert


Innate Abilities, Weirdness & Mutations

You are resistant to damage.
You can heal yourself by infusing magical energy.
You passively map the area around you.
You do not regenerate.


Message History

Aim: Rupert, wielding a +3 great sword of draining and wearing a +0 scale mail (severely wounded, berserk, covered in acid)
The bolt of acid hits Rupert!!
Rupert is splashed with acid.
Rupert seems to be corroded for longer.
Rupert is almost dead.
You hear a howl!
Rupert barely misses you. Rupert closely misses you.
Evoke which item? (* to show all) (? for menu, Esc to quit)
Aiming: Corrosive Bolt
Press: ? - help, Shift-Dir - straight line, f/p - Rupert
Aim: Rupert, wielding a +3 great sword of draining and wearing a +0 scale mail (almost dead, berserk, covered in acid)
The bolt of acid misses Rupert.
Rupert closely misses you.
Evoke which item? (* to show all) (? for menu, Esc to quit)
Aiming: Corrosive Bolt
Press: ? - help, Shift-Dir - straight line, f/p - Rupert
Aim: Rupert, wielding a +3 great sword of draining and wearing a +0 scale mail (almost dead, berserk, covered in acid)
The bolt of acid hits Rupert!
Rupert is splashed with acid.
Rupert seems to be corroded for longer.
Rupert is almost dead.
Rupert hits you with a +3 great sword of draining!!
You die...

, ** , ,,,,
...P......#. , * ,
,, ,..PP....#. ,
,, ........# . ,
##.......#.. , , ,
.###........h.. ,
* ............#(#*
* ,
,..........((...,
, , ,
.......@@(.....,,,
, ,........†......
, ,
,............... ,
, ...............
, ,
,*P.#.###...#...#
, . #. *#.#..####
P , #...## ,* ,, ,
, * ,. ,, P.... ,
, , ,,, , * , ,


You could see Rupert (berserk, corroded) and a wolf.

Vanquished Creatures
  Harold (D:9)
  A hydra (Lair:4)
  A two-headed ogre (D:8)
  Nergalle (Lair:2)
  A fire crab (Lair:4)
  2 merfolk sirens (Lair:3)
  2 black mambas
  9 spiny frogs
  Maggie (D:9)
  A rime drake (Lair:4)
  Prince Ribbit (D:7)
  A troll (D:9)
  4 blink frogs (Lair:1)
  6 hippogriffs
  Sigmund (D:2)
  2 wyverns
  6 yaks
  Eustachio (D:6)
  2 nagas (Lair:2)
  7 water moccasins
  9 porcupines
  7 orc warriors
  A phantom (D:8)
  A black bear (Lair:1)
  2 ice beasts (D:5)
  8 ogres
  3 centaurs
  15 wolves
  6 crocodiles
  5 bullfrogs
  4 killer bees (D:7)
  5 scorpions
  4 wights (D:6)
  4 howler monkeys
  6 electric eels
  5 crimson imps
  A bullfrog zombie (D:7)
  6 hounds
  A centaur zombie (D:9)
  9 orc priests
  3 jellies
  A centaur skeleton (D:4)
  4 iguanas
  12 orc wizards
  7 worker ants
  2 hound skeletons
  2 worker ant zombies
  11 adders
  A howler monkey skeleton (D:7)
  3 gnolls (D:3)
  A river rat (Lair:3)
  3 shadow imps
  3 oozes
  2 adder zombies
  3 adder skeletons
  A worm (D:3)
  A dart slug (D:4)
  6 leopard geckos
  40 orcs
  6 bats
  3 giant cockroaches
  11 goblins
  10 hobgoblins
  14 jackals
  5 kobolds
  7 quokkas
  5 frilled lizards
  A jackal zombie (D:8)
  13 rats
  2 fungi
  A plant (Lair:3)
337 creatures vanquished.

Vanquished Creatures (others)
  An orc (D:9)
  3 plants
4 creatures vanquished.

Grand Total: 341 creatures vanquished

Notes
Turn   | Place    | Note
-------+----------+-------------------------------------------
     0 | D:1      | Majang the Deep Dwarf Fighter began the quest for the Orb.
     0 | D:1      | Reached XP level 1. HP: 20/20 MP: 1/1
   229 | D:1      | Reached XP level 2. HP: 24/27 MP: 2/2
   424 | D:1      | Reached skill level 3 in Axes
  1015 | D:2      | Reached XP level 3. HP: 15/34 MP: 3/3
  1388 | D:2      | Noticed Sigmund
  1402 | D:2      | Killed Sigmund
  1402 | D:2      | Reached skill level 5 in Axes
  1402 | D:2      | Reached XP level 4. HP: 36/44 MP: 4/4
  1402 | D:2      | Reached XP level 5. HP: 41/50 MP: 5/5
  1564 | D:2      | Found a shadowy altar of Dithmenos.
  1763 | D:3      | Found an iron altar of Okawaru.
  2315 | D:3      | Reached XP level 6. HP: 24/57 MP: 0/6
  3008 | D:4      | Found Juplar's Distillery.
  3165 | D:4      | Reached skill level 6 in Axes
  3165 | D:4      | Reached skill level 1 in Slings
  3165 | D:4      | Reached skill level 1 in Dodging
  3338 | D:4      | Reached XP level 7. HP: 40/64 MP: 7/7
  3520 | D:4      | Found a bloodstained altar of Trog.
  3530 | D:4      | Found a sparkling altar of Nemelex Xobeh.
  3652 | D:5      | Entered Level 5 of the Dungeon
  3881 | D:5      | Reached skill level 7 in Axes
  3881 | D:5      | Reached XP level 8. HP: 21/73 MP: 8/8
  4131 | D:5      | Found a staircase to the Ecumenical Temple.
  4140 | Temple   | Entered the Ecumenical Temple
  4474 | D:6      | Got a brightly glowing mace
  4475 | D:6      | Identified the cursed +0 mace of Tumult {holy, rN+ Dex+4}
                  | (You found it on level 6 of the Dungeon)
  4811 | D:6      | Reached skill level 5 in Fighting
  5100 | D:6      | Noticed Eustachio
  5139 | D:6      | Killed Eustachio
  5139 | D:6      | Reached skill level 5 in Armour
  5139 | D:6      | Reached skill level 5 in Shields
  5262 | D:6      | Found a glowing golden altar of the Shining One.
  5264 | D:6      | Noticed an angel
  5292 | D:6      | Reached skill level 8 in Axes
  5306 | D:6      | Found a basalt altar of Yredelemnul.
  5308 | D:6      | Noticed a profane servitor
  5456 | D:7      | Gained mutation: You passively map the area around you.
                  | [Deep Dwarf growth]
  5456 | D:7      | Reached XP level 9. HP: 43/81 MP: 9/9
  5563 | D:7      | Found a shimmering blue altar of Sif Muna.
  5813 | D:7      | Noticed Prince Ribbit
  5824 | D:7      | Found a blossoming altar of Fedhas.
  5835 | D:7      | Killed Prince Ribbit
  6150 | D:8      | Noticed a two-headed ogre
  6172 | D:8      | Killed a two-headed ogre
  6172 | D:8      | Reached skill level 9 in Axes
  6172 | D:8      | Reached skill level 5 in Slings
  6172 | D:8      | Reached skill level 5 in Dodging
  6359 | D:8      | Got a steaming emerald amulet
  6382 | D:8      | Reached XP level 10. HP: 64/91 MP: 8/8
  6449 | D:8      | Found a glowing silver altar of Zin.
  6449 | D:8      | Found a burning altar of Makhleb.
  6450 | D:8      | Noticed an Executioner
  6450 | D:8      | Noticed an angel
  6453 | D:8      | Became a worshipper of Makhleb the Destroyer
  6715 | D:8      | Reached skill level 1 in Evocations
  6829 | D:9      | Found a staircase to the Lair.
  6882 | D:9      | Reached skill level 1 in Invocations
  6961 | D:9      | Reached * piety under Makhleb
  6974 | D:9      | Reached skill level 10 in Axes
  7021 | D:9      | Noticed Maggie
  7048 | D:9      | Killed Maggie
  7089 | D:9      | Identified the amulet "Sasmih" {RegenMP +Inv +Fly Dex+4}
                  | (You found it on level 8 of the Dungeon)
  7433 | D:9      | Noticed Harold
  7459 | D:9      | Killed Harold
  7494 | D:9      | Found a staircase to the Orcish Mines.
  7500 | D:9      | Reached ** piety under Makhleb
  7874 | Lair:1   | Entered Level 1 of the Lair of Beasts
  7876 | Lair:1   | Noticed a black mamba
  7884 | Lair:1   | Killed a black mamba
  7884 | Lair:1   | Reached XP level 11. HP: 50/99 MP: 8/8
  7909 | Lair:1   | Noticed an oklob plant
  8098 | Lair:1   | Reached skill level 11 in Axes
  8202 | Lair:1   | Got a translucent bronze ring
  8447 | Lair:2   | Noticed Nergalle
  8476 | Lair:2   | Killed Nergalle
  8570 | Lair:2   | Reached *** piety under Makhleb
  8580 | Lair:2   | Reached skill level 5 in Evocations
  8611 | Lair:2   | Reached skill level 5 in Invocations
  8704 | Lair:2   | Found a staircase to the Snake Pit.
  8757 | Lair:2   | Identified the ring "Yfatuucw" {Wiz Str+2} (You found it on
                  | level 1 of the Lair of Beasts)
  9089 | Lair:3   | Identified the Volume of Entrancing Fire
  9668 | Lair:3   | Reached XP level 12. HP: 107/109 MP: 11/11
  9672 | Lair:3   | Found a staircase to the Shoals.
  9952 | Lair:4   | Reached skill level 12 in Axes
 10082 | Lair:4   | HP: 3/109 [fire crab] (17)]
 10199 | Lair:4   | Noticed an eight-headed hydra
 10210 | Lair:4   | Killed an eight-headed hydra
 10219 | Lair:4   | Reached **** piety under Makhleb
 10257 | Lair:4   | Got a scorched helmet
 10258 | Lair:4   | Identified the +2 helmet of the Dice {rC++ MR+ Str+2} (You
                  | found it on level 4 of the Lair of Beasts)
 10735 | Lair:5   | Noticed Rupert
 10755 | Lair:5   | Mangled by Rupert

Illustrated notes

Levels and vault maps discovered:
D:1:      dpeg_arrival_ratfight, layout_basic
D:2:      layout_basic, lemuel_crystal_altar, minmay_goblin_kobold_house,
          uniq_sigmund
D:3:      layout_basic, first_ration, okawaru_gym_becter
D:4:      layout_rooms, amethyst_overflow_temple_binary, serial_shops,
          nicolae_shop_competitors_out_of_business
D:5:      layout_basic, minmay_temple_entry_butterflies
D:6:      layout_cave_pods, grunt_temple_overflow_holy_war, uniq_eustachio
D:7:      layout_basic, lemuel_blue_sif_altar, nicolae_overflow_hidden_temple,
          uniq_prince_ribbit1
D:8:      layout_rooms, grunt_temple_overflow_order_and_chaos_2, grunt_ogre_cave
D:9:      layout_cave_pools, lair_entry_dummy, erik_orc_2, uniq_harold,
          uniq_maggie
Temple:   oiseaux_autumnal_temple
Lair:1:   layout_big_grid, minmay_lair_oklob_chamber, lemuel_fruit_tree
Lair:2:   layout_long_grid, guppyfry_snake_entry_island, uniq_nergalle
Lair:3:   layout_regular_city, elwin_shoals_entry_rooms, serial_bayou,
          serial_bayou_lagoon_a, serial_bayou_pond_d, serial_bayou_pond_c,
          serial_bayou_lagoon_b
Lair:4:   layout_roguey, grunt_megastairs_4, infiniplex_staircase_pool,
          serial_bayou_shore_b
Lair:5:   layout_regular_city, dpeg_slime_entry_enclosed_altar,
          grunt_megastairs_1, uniq_rupert

Skill      XL: |  1  2  3  4  5  6  7  8  9 10 11 12 |
---------------+-------------------------------------+-----
Axes           | 3 5 6 7 8 9 10 11 12 | 12.3
Fighting       | 3 4 5 6 7 |  7.8
Slings         | 1 2 3 5 6 |  6.5
Dodging        | 1 2 3 5 6 7 |  7.7
Armour         | 4 5 6 7 8 |  8.5
Shields        | 4 5 6 7 8 |  8.4
Evocations     | 3 5 6 |  6.4
Invocations    | 3 5 6 |  6.6

Action                   |  1- 3 |  4- 6 |  7- 9 | 10-12 || total
-------------------------+-------+-------+-------+-------++-------
Melee: War axe           |   108 |   194 |   457 |   206 ||   965
       Battleaxe         |       |       |       |   290 ||   290
       Flail             |       |       |       |     8 ||     8
 Fire: Hunting sling     |       |     5 |    11 |    66 ||    82
Invok: Minor Destruction |       |       |       |     1 ||     1
 Abil: Heal Wounds       |       |     1 |    20 |    14 ||    35
Evoke: Wand              |       |       |       |    13 ||    13
       Lightning rod     |       |       |       |     5 ||     5
  Use: Scroll            |     2 |     7 |     1 |    19 ||    29
       Potion            |     2 |       |     2 |     6 ||    10
  Eat: Chunk             |     2 |     6 |    11 |    14 ||    33
Armor: Scale mail        |    49 |    13 |       |       ||    62
       Chain mail        |       |    73 |   270 |   253 ||   596
Dodge: Dodged            |    35 |    43 |   143 |   361 ||   582
       Repelled          |       |       |       |    21 ||    21
Block: Kite shield       |    54 |   108 |   247 |   118 ||   527

Table legend:
 A = Non-vault XP
 B = Vault XP
 C = Vault XP percentage of total XP
 D = Non-vault monster count
 E = Vault monster count
 F = Vault count percentage of total count
                 A         B        C        D         E       F
            +---------+---------+-------+---------+---------+-------
      Total |   21519 |    6261 |  22.5 |     287 |      47 |  14.1
            +---------+---------+-------+---------+---------+-------
        D:1 |      28 |       5 |  15.2 |      13 |       5 |  27.8
        D:2 |      14 |     231 |  94.3 |       8 |       7 |  46.7
        D:3 |     165 |       0 |   0.0 |      37 |       0 |   0.0
        D:4 |     351 |       0 |   0.0 |      29 |       0 |   0.0
        D:5 |     710 |       0 |   0.0 |      20 |       0 |   0.0
        D:6 |     807 |     188 |  18.9 |      21 |       1 |   4.5
        D:7 |     939 |     296 |  24.0 |      22 |       1 |   4.3
        D:8 |    2321 |     125 |   5.1 |      32 |       1 |   3.0
        D:9 |    2259 |    1934 |  46.1 |      36 |      22 |  37.9
     Lair:1 |    4283 |     409 |   8.7 |      18 |       2 |  10.0
     Lair:2 |    3640 |    1132 |  23.7 |      17 |       3 |  15.0
     Lair:3 |    1800 |     900 |  33.3 |      13 |       2 |  13.3
     Lair:4 |    4057 |    1041 |  20.4 |      20 |       3 |  13.0
     Lair:5 |     145 |       0 |   0.0 |       1 |       0 |   0.0
            +---------+---------+-------+---------+---------+-------
